Map: Seething Jungle

Players

DavidRV - Winner!

  • Race: Terran Terran
  • League: Silver
  • Spawn Location: 12:00

bassic - Winner!

  • Race: Protoss Protoss
  • League: Diamond
  • Spawn Location: 1:00

IdesHatred

  • Race: Protoss Protoss
  • League: Gold
  • Spawn Location: 7:00

Grumm

  • Race: Terran Terran
  • League: Gold
  • Spawn Location: 6:00

VOD

Have the link to the VOD?

Description

Time

  • Played on: Feb. 5, 2016, 6:53 p.m.
  • Length: 6:03
Show
View Real Time Build Order
Export as new Build Order

DavidRV Terran - Winner!

Build Orders: 1/1/1, Liberator Opening 

Get SALT Encoding   

  12  0:01  SCV  
  13  0:13  SCV  
  14  0:20  Supply Depot  
  14  0:25  SCV  
  15  0:32  Refinery  
  15  0:42  SCV  
  16  0:45  Barracks  
  16  0:54  SCV  
  17  1:06  Refinery, SCV  
  18  1:21  SCV  
  19  1:34  Supply Depot  
  19  1:36  Factory  
  19  1:37  Marine  
  19  1:39  SCV  
  21  1:51  SCV  
  22  1:55  Marine  
  23  2:03  SCV  
  24  2:13  Marine  
  25  2:15  Orbital Command  
  25  2:23  Starport  
  25  2:25  Factory Reactor  
  25  2:31  Marine  
  26  2:43  Supply Depot  
  26  2:44  SCV  
  26  2:49  Marine  
  28  2:51  Liberator x2  
  28  2:56  SCV  
  29  3:07  Marine  
  29  3:11  SCV  
  37  3:13  Supply Depot  
  37  3:23  SCV  
  38  3:32  Barracks Tech Lab  
  38  3:35  Widow Mine  
  38  3:37  SCV  
  41  3:45  Command Center  
  41  3:49  SCV  
  41  3:53  Supply Depot  
  42  3:56  Stimpack  
  42  4:00  Marine  
  43  4:07  Medivac  
  43  4:08  Widow Mine  
  47  4:15  SCV  
  48  4:23  Barracks  
  48  4:27  SCV  
  49  4:33  Marauder  
  50  4:39  SCV  
  47  4:51  SCV  
  45  4:59  Medivac x2  
  46  5:03  SCV  
  47  5:12  Barracks  
  47  5:15  SCV, Barracks  
  47  5:16  Engineering Bay  
  47  5:17  Factory Tech Lab  
  48  5:27  SCV  
  49  5:28  Marine  
  49  5:29  Marine  
  49  5:32  Supply Depot  
Show
View Real Time Build Order
Export as new Build Order

bassic Protoss - Winner!

Build Orders:  

Get SALT Encoding   

  12  0:00  Probe (Chrono Boost)  
  13  0:11  Probe (Chrono Boost)  
  14  0:21  Pylon  
  14  0:22  Probe (Chrono Boost)  
  15  0:40  Probe (Chrono Boost)  
  15  0:42  Gateway  
  16  0:50  Assimilator, Probe (Chrono Boost)  
  16  0:52  Assimilator  
  17  1:01  Probe (Chrono Boost)  
  19  1:11  Probe (Chrono Boost)  
  19  1:22  Probe (Chrono Boost)  
  20  1:32  Cybernetics Core, Probe (Chrono Boost)  
  21  1:37  Pylon  
  21  1:46  Probe (Chrono Boost)  
  22  1:56  Probe (Chrono Boost)  
  23  2:05  Pylon  
  23  2:07  Probe (Chrono Boost)  
  24  2:08  Warp Gate (Chrono Boost)  
  24  2:10  Stalker  
  26  2:19  Mothership Core (Chrono Boost)  
  28  2:24  Robotics Facility  
  29  2:37  Probe (Chrono Boost)  
  29  2:46  Stalker  
  31  2:56  Gateway  
  31  2:58  Gateway  
  31  3:16  Stalker, Immortal (Chrono Boost)  
  35  3:46  Pylon  
  35  3:55  Immortal (Chrono Boost)  
  39  4:01  Pylon  
  39  4:03  Pylon  
  39  4:17  Stalker x3  
  45  4:29  Observer (Chrono Boost)  
  46  4:49  Stalker x2  
  46  4:50  Stalker  
  52  5:04  Immortal (Chrono Boost)  
  54  5:21  Stalker x3  
  60  5:30  Pylon  
  60  5:38  Pylon  
  60  5:50  Stalker x2  
  60  5:51  Stalker  
Show
View Real Time Build Order
Export as new Build Order

IdesHatred Protoss 

Build Orders:  

Get SALT Encoding   

  12  0:03  Probe (Chrono Boost)  
  13  0:14  Probe (Chrono Boost)  
  13  0:18  Pylon  
  14  0:25  Probe (Chrono Boost)  
  15  0:29  Assimilator  
  15  0:36  Probe (Chrono Boost)  
  16  0:45  Gateway  
  16  0:52  Probe (Chrono Boost)  
  17  1:03  Probe (Chrono Boost)  
  18  1:11  Pylon  
  18  1:13  Probe (Chrono Boost)  
  19  1:20  Forge  
  19  1:32  Cybernetics Core  
  19  1:34  Probe (Chrono Boost)  
  19  1:38  Zealot  
  22  1:47  Probe (Chrono Boost)  
  23  1:55  Protoss Ground Weapons Level 1 (Chrono Boost)  
  23  1:58  Probe  
  24  2:07  Gateway  
  24  2:08  Warp Gate (Chrono Boost)  
  24  2:12  Stalker  
  26  2:23  Assimilator  
  26  2:49  Stalker  
  28  2:51  Nexus  
  28  2:56  Stalker  
  30  3:17  Pylon  
  30  3:36  Pylon  
  30  3:51  Protoss Ground Armor Level 1 (Chrono Boost)  
  30  3:55  Twilight Council  
  30  3:59  Gateway  
  30  4:06  Stalker  
  30  4:08  Pylon  
  32  4:10  Stalker  
  32  4:13  Pylon  
  32  4:14  Probe  
  32  4:16  Probe  
  35  4:35  Stalker x2  
  14  5:15  Zealot x2  
  18  5:25  Probe  
  17  5:38  Probe  
Show
View Real Time Build Order
Export as new Build Order

Grumm Terran 

Build Orders: 1/1/1, Liberator Opening 

Get SALT Encoding   

  12  0:01  SCV  
  13  0:13  SCV  
  14  0:21  Supply Depot  
  14  0:25  SCV  
  15  0:28  Refinery  
  15  0:43  SCV  
  15  0:45  Barracks  
  16  0:55  SCV  
  17  0:59  Refinery  
  17  1:22  SCV  
  18  1:35  Factory  
  18  1:38  Reaper  
  19  1:45  Supply Depot  
  19  1:47  SCV  
  20  2:00  SCV  
  21  2:18  Orbital Command  
  21  2:22  Starport  
  21  2:30  Starport, Barracks Tech Lab  
  21  2:31  Factory Tech Lab  
  21  2:42  Supply Depot  
  21  2:49  SCV  
  22  3:09  Cloaking Field, Barracks Reactor  
  22  3:11  Banshee  
  25  3:33  Liberator  
  25  3:44  SCV  
  26  3:54  Marine x2  
  31  3:57  SCV  
  31  3:58  Liberator  
  31  3:59  Command Center  
  32  4:08  Supply Depot  
  32  4:09  SCV  
  36  4:26  SCV  
  37  4:49  Liberator  
  37  4:50  Liberator  
  34  5:12  Widow Mine  
Tags
 
Add a new tag
Caveats
  • Supply blocks, unpowered buildings, or Contaminate may cause inaccurate times.
  • Supply counts are checked every 10 seconds.